 Dungeon Crawl Stone Soup version 0.13.1-2-gfb2c2b7 (webtiles) character file.

245 Mitsuki the Grave Robber (level 5, 0/21 HPs)
             Began as a Felid Necromancer on Dec 1, 2013.
             Was an Initiate of Kikubaaqudgha.
             Slain by a giant frog skeleton (5 damage)
             ... on Level 4 of the Dungeon on Dec 2, 2013.
             The game lasted 00:41:43 (4937 turns).

Mitsuki the Grave Robber (Felid Necromancer)        Turns: 4937, Time: 00:41:43

HP   0/21        AC  1     Str  5      XL: 5   Next: 23%
MP   1/14        EV 19     Int 17      God: Kikubaaqudgha [......]
Gold 78          SH  0     Dex 16      Spells:  4 memorised,  2 levels left
Lives: 0, deaths: 1

Res.Fire  : . . .   See Invis. : +   (weapon unavailable)
Res.Cold  : . . .   Warding    : .   (armour unavailable)
Life Prot.: . . .   Conserve   : .   (shield unavailable)
Res.Poison: +       Res.Corr.  : .   (helmet unavailable)
Res.Elec. : .       Clarity    : +   (cloak unavailable)
Sust.Abil.: . .     Spirit.Shd : .   (gloves unavailable)
Res.Mut.  : .       Rnd.Telep. : +   (boots unavailable)
Res.Rott. : .       Flight     : .   j - amulet of clarity
Saprovore : . . .                    p - +1 ring of evasion
                                     u - ring of teleportation

@: regenerating, very slightly contaminated, quick, somewhat resistant to
hostile enchantments, quite stealthy
A: paw claws, no armour, no advanced items, fangs 3, see invisible, carnivore 3,
speed 1, poison resistance, slow metabolism 1, AC +1
a: Renounce Religion, Evoke Teleportation


You were on level 4 of the Dungeon.
You worshipped Kikubaaqudgha.
Kikubaaqudgha was noncommittal.
You were hungry.

You visited 2 branches of the dungeon, and saw 5 of its levels.

You collected 58 gold pieces.

Inventory:

Comestibles
 c - 2 meat rations
Scrolls
 f - 3 scrolls of fear
 m - a scroll of enchant weapon I
 o - a scroll of remove curse
 q - 5 scrolls of identify
 v - 3 scrolls of random uselessness
Jewellery
 a - an uncursed ring of ice
 d - a +1 ring of evasion
 e - an uncursed ring of ice
 j - an amulet of clarity (around neck)
 p - a +1 ring of evasion (right paw)
 u - a ring of teleportation (left paw)
Potions
 g - a potion of speed {unknown}
 h - 4 potions of curing {unknown}
 i - a potion of cure mutation {unknown}
 n - a potion of poison {unknown}
 r - 3 potions of restore abilities {unknown}
 s - a potion of heal wounds {unknown}
 t - a potion of brilliance {unknown}
Books
 b - a book of Necromancy

   Spells                             Type                      Level
   *Pain                              Necromancy                   1
   *Animate Skeleton                  Necromancy                   1
   Lethal Infusion                    Charms/Necromancy            2
   Vampiric Draining                  Necromancy                   3
   *Regeneration                      Charms/Necromancy            3
   *Animate Dead                      Necromancy                   4
   Control Undead                     Necromancy                   4


   Skills:
 + Level 3.1 Dodging
 + Level 3.1 Stealth
 + Level 3.6 Spellcasting
 + Level 0.2 Charms
 + Level 5.3 Necromancy


You had 2 spell levels left.
You knew the following spells:

 Your Spells              Type           Power        Failure   Level  Hunger
a - Pain                  Necr           ###.         1%          1    None
b - Animate Skeleton      Necr           N/A          1%          1    None
c - Regeneration          Chrm/Necr      ##........   17%         3    ###....
d - Animate Dead          Necr           N/A          21%         4    ####...


Dungeon Overview and Level Annotations

Branches:
Dungeon (4/27)             Temple (1/1) D:4

Altars:
Ashenzari
Cheibriados
Elyvilon
Fedhas
Kikubaaqudgha
Makhleb
Nemelex Xobeh
Okawaru
Sif Muna
Trog
Vehumet
Xom
Yredelemnul
the Shining One


Innate Abilities, Weirdness & Mutations

You cannot wear armour.
You are incapable of any advanced item manipulation.
Your paws have sharp claws.
You have razor-sharp teeth.
You have supernaturally acute eyesight.
You are carnivorous and can eat meat at any time.
You cover ground quickly.
You are covered in fur (AC +1).
You have a slow metabolism.
Your system is resistant to poisons.


Message History

Casting: Regeneration
Confirm with . or Enter, or press ? or * to list all spells.
Your skin crawls.
The giant frog skeleton hits you.
* * * LOW HITPOINT WARNING * * *
The giant frog skeleton barely misses you.
You are feeling hungry.
The giant frog skeleton hits you.
* * * LOW HITPOINT WARNING * * *
What do you say? t - Yowl!
Orders for allies: a - Attack new target. r - Retreat! s - Stop attacking. w - Wait here. f - Follow me.
Anything else - Stay silent.
Gang up on whom?
Press: ? - help, Dir - move target cursor, f - giant frog skeleton
Aim: a giant frog skeleton Attack!
The giant frog skeleton hits you.
You die...
Kikubaaqudgha rasps: "You have failed me!
Welcome... death!"

###.##########.#####.. ..# #.#
#.# #.# #.# #.# #.# #.# #.# #.#
#.# #.# #.# ###.##########.# #.#
#.# ............)..# #.# #.#
...............#####.##########.#
...g............................#
..............zz@....##########.#
.....................# #.#
.....................# #z#
.....................# #.#
............)...(....# #.#
.....................##########.#
..........)...........z....#
#...................######.#
#...............(...# #.#


You could see a giant frog skeleton and a friendly goblin zombie.

Vanquished Creatures
  2 orc priests
  A worker ant (D:4)
  5 adders
  A giant mite (D:4)
  2 giant geckos (D:2)
  5 orcs
  8 hobgoblins
  A quokka (D:2)
  11 bats
  6 giant cockroaches
  7 giant newts
  6 goblins
  A goblin skeleton (D:4)
  7 kobolds
  6 rats
69 creatures vanquished.

Vanquished Creatures (collateral kills)
  An adder (D:3)
  2 oozes
  A giant cockroach (D:1)
  2 goblins
  A hobgoblin (D:2)
  A bat (D:1)
  4 giant newts (D:2)
  A kobold (D:1)
  2 rats
15 creatures vanquished.

Vanquished Creatures (others)
  An adder skeleton (D:3)
  4 bat skeletons (D:1)
  A giant gecko skeleton (D:2)
  3 giant newt skeletons
  A goblin skeleton (D:2)
  A hobgoblin skeleton (D:2)
  A hobgoblin zombie (D:4)
  3 kobold skeletons
  An orc skeleton (D:3)
  2 rat skeletons (D:2)
18 creatures vanquished.

Grand Total: 102 creatures vanquished

Notes
Turn   | Place    | Note
--------------------------------------------------------------
     0 | D:1      | Mitsuki, the Felid Necromancer, began the quest for the Orb.
     0 | D:1      | Reached XP level 1. HP: 7/7 MP: 4/4
     2 | D:1      | Learned a level 1 spell: Animate Skeleton
   890 | D:1      | Reached XP level 2. HP: 11/11 MP: 1/5
  1008 | D:1      | Gained mutation: Your system is resistant to poisons. [potion of beneficial mutation]
  1602 | D:1      | Reached XP level 3. HP: 7/14 MP: 1/8
  1607 | D:1      | Learned a level 3 spell: Regeneration
  2498 | D:2      | Found a bloodstained altar of Trog.
  2843 | D:2      | Found a shimmering altar of Xom.
  2958 | D:2      | Reached XP level 4. HP: 14/18 MP: 6/11
  3633 | D:3      | Killed from afar by an orc wizard
  3634 | D:3      | Reached XP level 3. HP: -4/14 MP: 7/9
  3909 | D:3      | Reached skill level 5 in Necromancy
  3909 | D:3      | Reached XP level 4. HP: 12/18 MP: 5/12
  3915 | D:3      | Learned a level 4 spell: Animate Dead
  4317 | D:4      | Found a staircase to the Ecumenical Temple.
  4324 | Temple   | Entered the Ecumenical Temple
  4536 | Temple   | Became a worshipper of Kikubaaqudgha
  4632 | D:4      | Reached XP level 5. HP: 18/21 MP: 1/14
  4933 | D:4      | HP: 1/21 [giant frog skeleton (6)]
  4937 | D:4      | Slain by a giant frog skeleton

Action                   |  1- 3 |  4- 6 || total
-------------------------+-------+-------++-------
Melee: Unarmed           |     1 |    12 ||    13
 Cast: Pain              |    92 |    57 ||   149
       Animate Skeleton  |    24 |     3 ||    27
       Regeneration      |     2 |     7 ||     9
       Animate Dead      |       |     2 ||     2
 Abil: Evoke Teleportati |       |     1 ||     1
  Use: Potion            |     1 |       ||     1
       Scroll            |     5 |     4 ||     9
